 Dungeon Crawl Stone Soup version 0.20.1-1-g8b1a95d (webtiles) character file.

5628 tognito the Severer (level 10, -1/77 HPs)
             Began as a Minotaur Berserker on Dec 10, 2017.
             Was a High Priest of Trog.
             Slain by a porcupine (2 damage)
             ... on level 8 of the Dungeon.
             The game lasted 00:19:10 (8236 turns).

tognito the Severer (Minotaur Berserker)            Turns: 8236, Time: 00:19:11

Health: -1/77      AC: 23    Str: 26    XL:     10   Next: 46%
Magic:  9/9        EV:  9    Int:  4    God:    Trog [*****.]
Gold:   848        SH:  0    Dex:  9    Spells: 9/9 levels left

rFire    + . .     SeeInvis .   a - +1 war axe (freeze)
rCold    . . .     Gourm    .   (no shield)
rNeg     . . .     Faith    .   f - +8 chain mail "Ibelip" {+Blink rElec}
rPois    .         Spirit   .   (helmet restricted)
rElec    +         Reflect  .   m - +0 cloak
rCorr    +         Harm     .   v - +0 pair of gloves
MR       .....                  F - +1 pair of boots
Stlth    ..........             (no amulet)
Regen    0.3/turn               y - ring of protection from fire
MPRegen  0.2/turn               D - ring of resist corrosion

@: no status effects
A: retaliatory headbutt, fangs 1, horns 2, icy blue scales 1
a: Berserk, Trog's Hand, Brothers in Arms, Burn Spellbooks, Renounce Religion,
Evoke Blink


You were on level 8 of the Dungeon.
You worshipped Trog.
Trog was extremely pleased with you.
You were hungry.

You visited 1 branch of the dungeon, and saw 8 of its levels.
You also visited: Ossuary.

You collected 848 gold pieces.

Inventory:

Hand Weapons
 a - a +1 war axe of freezing (weapon)
 b - a +0 shortbow
Missiles
 t - 225 arrows
Armour
 f - the +8 chain mail "Ibelip" (worn) {+Blink rElec}
   (You found it on level 7 of the Dungeon)

   It insulates you from electricity.
   It lets you blink.
 m - a +0 cloak (worn)
 v - a +0 pair of gloves (worn)
 E - a +0 plate armour
 F - a +1 pair of boots (worn)
Jewellery
 y - a ring of protection from fire (left hand)
 D - a ring of resist corrosion (right hand)
Wands
 l - a wand of flame (17/48)
 p - a wand of flame (19/48)
 q - a wand of clouds (3/9)
 u - a wand of lightning (6/15)
 J - a wand of lightning (3/15)
Scrolls
 d - 3 scrolls of fear {unknown}
 e - 6 scrolls of remove curse
 g - 5 scrolls of enchant armour {unknown}
 h - 4 scrolls of teleportation {unknown}
 i - a scroll of amnesia {unknown}
 n - 6 scrolls of identify
 o - 3 scrolls of recharging {unknown}
 r - 2 scrolls of blinking {unknown}
 s - a scroll of enchant weapon {unknown}
 x - a scroll of immolation {unknown}
 I - a scroll of noise {unknown}
Potions
 w - 2 potions of haste {unknown}
 z - 3 potions of might {unknown}
 A - 3 potions of heal wounds
 B - a potion of magic {unknown}
 C - 3 potions of curing
 G - 2 potions of brilliance
 H - a potion of agility
Comestibles
 c - 3 bread rations
 j - 2 meat rations
 k - 4 royal jellies
 K - 4 chunks of flesh


   Skills:
 - Level 3.6 Fighting
 + Level 15.4 Axes
 + Level 8.9 Bows
 - Level 2.4 Armour
 - Level 2.1 Dodging


You had 9 spell levels left.
You didn't know any spells.

Dungeon Overview and Level Annotations

Branches:
Dungeon (8/15)             Temple (0/1) D:6            Lair (0/6) D:8

Altars:
Kikubaaqudgha

Shops:
D:4 [   D:8 =


Innate Abilities, Weirdness & Mutations

You reflexively headbutt those who attack you in melee.
You have a pair of horns on your head.
You have very sharp teeth.
You are partially covered in icy blue scales. (AC +2)


Message History

You hit the porcupine. You freeze the porcupine. You slash the plant!
You freeze the plant.
You are struck by the porcupine's spines.
* * * LOW HITPOINT WARNING * * *
You hit the porcupine but do no damage. You hit the plant.
You freeze the plant. You hit the fungus. You freeze the fungus.
Something bites the plant!
The porcupine bites you but does no damage. x2
You slash the porcupine! You freeze the porcupine.
You kill the porcupine!
Trog accepts your kill.
You slash the fungus! You freeze the fungus.
You destroy the fungus!
You hit the plant but do no damage. You hit the porcupine.
You freeze the porcupine. You hit the plant. You freeze the plant.
You slash the porcupine! You freeze the porcupine.
You kill the porcupine!
Trog accepts your kill.
Something bites the plant.
The porcupine bites you.
You die...

#############....#
#........#######
#...............
#######..######
###..P..†.###
###...P†.P.(..###
#.PP.PPPPT..(...#
.PP.PP....P.P..P.
...PPP.(.@rP.PP.P
PPP.P.††..P.P.P..


.P.PP..WPPP.PP... .PP.PPPP>aPPPP.P. .PPPP.P.P..P.PP.. .PP..P.PPP...PPP.
..PPPPP.....P.P.. P..PPPPPPP.PPP... You could see a phantom, a porcupine, a
worker ant and a friendly iron troll (berserk).

Vanquished Creatures
  Erica (D:8)
  Joseph (D:8)
  The ghost of Sayu92 the Cudgeler, an amateur GrFi of Gozag (D:4)
  Menkaure (D:4)
  A water moccasin (D:7)
  6 porcupines (D:8)
  3 sky beasts
  2 ice beasts
  A phantom (D:4)
  2 black bears (D:8)
  A necrophage (D:5)
  2 ogres
  2 centaurs
  2 big kobolds (D:7)
  A crocodile (D:8)
  A bullfrog (D:5)
  2 gnoll sergeants (D:7)
  A wyvern skeleton (D:7)
  2 scorpions (D:8)
  A water moccasin skeleton (D:6)
  A wight (D:8)
  A howler monkey (D:5)
  A bullfrog zombie (D:5)
  3 jellies
  8 hounds
  3 human zombies (D:8)
  A centaur skeleton (D:4)
  A gnoll shaman (D:5)
  9 orc priests
  2 iguanas
  Jessica (D:2)
  A bullfrog skeleton (D:7)
  Ijyb (D:4)
  A human skeleton (D:8)
  7 orc wizards
  4 worker ants
  3 hound skeletons
  14 mummies
  A howler monkey zombie (D:7)
  A worker ant zombie (D:5)
  A howler monkey skeleton (D:7)
  9 gnolls
  8 adders
  2 shadow imps
  An ooze (D:3)
  2 adder zombies
  2 adder skeletons (D:4)
  4 worms
  3 dart slugs
  4 leopard geckos
  26 orcs
  4 giant cockroaches
  6 goblins
  17 hobgoblins
  13 kobolds
  8 quokkas
  A ball python (D:2)
  8 bats
  4 frilled lizards
  A gnoll zombie (Ossuary)
  4 hobgoblin zombies (Ossuary)
  2 jackal zombies (D:5)
  3 kobold zombies (Ossuary)
  An orc zombie (D:8)
  8 rats
  5 fungi (D:8)
  8 plants
253 creatures vanquished.

Vanquished Creatures (others)
  5 plants
5 creatures vanquished.

Grand Total: 258 creatures vanquished

Notes
Turn   | Place    | Note
-------+----------+-------------------------------------------
     0 | D:1      | tognito the Minotaur Berserker began the quest for the Orb.
     0 | D:1      | Reached XP level 1. HP: 19/19 MP: 0/0
    85 | D:1      | Reached skill level 4 in Axes
   117 | D:1      | Reached XP level 2. HP: 17/26 MP: 1/1
   686 | D:2      | Reached skill level 5 in Axes
   875 | D:2      | Reached XP level 3. HP: 31/31 MP: 2/2
  1029 | D:2      | Reached ** piety under Trog
  1050 | D:2      | Noticed Jessica
  1062 | D:2      | Killed Jessica
  1062 | D:2      | Reached skill level 6 in Axes
  1062 | D:2      | Reached XP level 4. HP: 6/39 MP: 3/3
  1585 | D:2      | Gained mutation: You are partially covered in icy blue scales. (AC +2) [potion of mutation]
  1585 | D:2      | Gained mutation: You have very sharp teeth. [potion of mutation]
  1893 | D:3      | Reached skill level 7 in Axes
  1893 | D:3      | Reached XP level 5. HP: 45/45 MP: 4/4
  2780 | D:4      | Reached *** piety under Trog
  2859 | D:4      | Found Kadoraud's Antique Armour Emporium.
  2862 | D:4      | Noticed Sayu92's ghost (amateur GrFi)
  2878 | D:4      | Reached skill level 8 in Axes
  2889 | D:4      | Killed Sayu92's ghost
  2889 | D:4      | Reached skill level 9 in Axes
  2889 | D:4      | Reached XP level 6. HP: 12/51 MP: 5/5
  3234 | D:4      | Noticed Menkaure
  3241 | D:4      | Killed Menkaure
  3241 | D:4      | Reached XP level 7. HP: 31/57 MP: 6/6
  3425 | D:4      | Reached skill level 10 in Axes
  3605 | D:4      | Noticed Ijyb
  3616 | D:4      | Killed Ijyb
  4491 | D:5      | Entered Level 5 of the Dungeon
  4504 | D:5      | Reached skill level 11 in Axes
  4566 | D:5      | Reached XP level 8. HP: 63/64 MP: 7/7
  4708 | D:5      | Reached **** piety under Trog
  4844 | D:5      | Reached skill level 12 in Axes
  5550 | D:6      | Reached skill level 13 in Axes
  5550 | D:6      | Reached skill level 1 in Bows
  5621 | D:6      | Found a staircase to the Ecumenical Temple.
  5656 | D:6      | Found a sand-covered staircase.
  5661 | Ossuary  | Entered an ossuary
  6015 | D:6      | Reached ***** piety under Trog
  6383 | D:7      | Received a gift from Trog
  6476 | D:7      | Reached XP level 9. HP: 48/70 MP: 8/8
  6611 | D:7      | Reached skill level 5 in Bows
  7009 | D:7      | Got an encrusted chain mail
  7010 | D:7      | Identified the +8 chain mail "Ibelip" {+Blink rElec} (You found it on level 7 of the Dungeon)
  7394 | D:7      | Reached skill level 14 in Axes
  7772 | D:8      | Found Pyirhad's Jewellery Emporium.
  7793 | D:8      | Noticed Erica
  7810 | D:8      | Killed Erica
  7810 | D:8      | Reached XP level 10. HP: 74/77 MP: 9/9
  7991 | D:8      | Received a gift from Trog
  8019 | D:8      | Found an ancient bone altar of Kikubaaqudgha.
  8162 | D:8      | Noticed Joseph
  8175 | D:8      | Killed Joseph
  8175 | D:8      | Reached skill level 15 in Axes
  8209 | D:8      | Found a staircase to the Lair.
  8221 | D:8      | Received a gift from Trog
  8235 | D:8      | HP: 1/77 [porcupine's spines (4)]
  8236 | D:8      | Slain by a porcupine

Skill      XL: |  1  2  3  4  5  6  7  8  9 10 |
---------------+-------------------------------+-----
Axes           | 4 5 6 7 9 11 13 14 15 | 15.4
Bows           | 3 7 8 |  8.9
Fighting       | |  3.6
Armour         | |  2.4
Dodging        | |  2.1

Action                   |  1- 3 |  4- 6 |  7- 9 | 10-12 || total
-------------------------+-------+-------+-------+-------++-------
Melee: Hand axe          |    81 |   122 |       |       ||   203
       Headbutt          |    10 |    15 |    70 |    26 ||   121
       Bite              |       |     9 |    33 |    14 ||    56
       War axe           |       |     3 |   339 |   100 ||   442
 Fire: Shortbow          |       |       |   100 |    30 ||   130
Invok: Berserk           |       |     1 |       |       ||     1
       Brothers in Arms  |       |       |       |     1 ||     1
  Use: Scroll            |     1 |       |     1 |       ||     2
       Potion            |     2 |     4 |     3 |       ||     9
  Eat: Chunk             |       |     8 |    10 |       ||    18
       Royal jelly       |       |       |     2 |     1 ||     3
Armor: Scale mail        |    31 |    22 |       |       ||    53
       Animal skin       |     1 |       |       |       ||     1
       Chain mail        |       |    23 |   130 |    57 ||   210
       Plate armour      |       |       |    35 |       ||    35
Dodge: Dodged            |    41 |    64 |   105 |    21 ||   231
